 Dungeon Crawl Stone Soup version 0.29-a0-870-g2c972031a6 (webtiles) character file.

Game seed: 7665289774457209732

8 lesbiats the Charlatan (level 2, 10/23 HPs)
             Began as a Draconian Artificer on July 17, 2022.
             Quit the game on level 1 of the Dungeon.
             The game lasted 00:02:02 (320 turns).

lesbiats the Charlatan (Draconian Artificer)         Turns: 320, Time: 00:02:03

Health: 10/23      AC:  4    Str: 14    XL:     2   Next: 0%
Magic:  2/2        EV: 12    Int: 11    God:
Gold:   10         SH:  0    Dex: 11    Spells: 1/1 levels left

rFire   . . .      SeeInvis .   a - +0 club
rCold   . . .      Faith    .   (no shield)
rNeg    . . .      Spirit   .   (body armour unavailable)
rPois   .          Reflect  .   (helmet restricted)
rElec   .          Harm     .   (no cloak)
rCorr   .          Rampage  .   (no gloves)
Will    .....                   (no boots)
Stlth   ++........              (no amulet)
HPRegen 0.07/turn               (no ring)
MPRegen 0.08/turn               (no ring)

@: no status effects
A: AC +4, unfitting armour, cold-blooded
a: no special abilities


You were on level 1 of the Dungeon.
You visited 1 branch of the dungeon, and saw 1 of its levels.

You collected 10 gold pieces.

Inventory:

Hand Weapons
 a - a +0 club (weapon)
Wands
 b - a wand of flame (8) (quivered)
 c - a wand of charming (15)
 d - a wand of iceblast (9)
Scrolls
 f - a scroll of enchant armour {unknown}
 g - a scroll of vulnerability {unknown}
Potions
 e - a potion of attraction {unknown}


   Skills:
 + Level 1.4 Fighting
 + Level 2.3 Dodging
 + Level 1.2 Stealth
 + Level 3.1 Evocations


You had one spell level left.
You didn't know any spells.
Your spell library was empty.

Dungeon Overview and Level Annotations

Branches:
Dungeon (1/15)

Altars:


Innate Abilities, Weirdness & Mutations

Your plain brown scales are hard. (AC +4)
You cannot fit into any form of body armour.
You are cold-blooded and may be slowed by cold attacks.


Message History

Aiming: Throw Flame
Press: ? - help, Q - select action, (/) - cycle Shift-Dir - straight line, f/p - dart slug
Aim: a dart slug (almost dead, 100% to hit)
The puff of flame hits the dart slug.
You kill the dart slug!
f - a scroll labelled OQEKUPPEJE You see here a +0 whip.
Found a dagger.
You now have 10 gold pieces.
An endoplasm comes into view.
The endoplasm quivers.
You see here a scroll labelled HOOZUE YFUFUAKOGO.
A bat comes into view.
The endoplasm freezes you.
You are frozen.
You hit the endoplasm.
The endoplasm is almost dead.
The endoplasm freezes you.
You are frozen.
You hit the endoplasm.
You kill the endoplasm!
The bat hits you but does no damage.
You barely miss the bat. The bat hits you but does no damage.
The bat closely misses you. The bat hits you. The bat barely misses you.
You see here a scroll labelled HOOZUE YFUFUAKOGO.
You hit the bat.
The bat is severely wounded.
The bat closely misses you.
You hit the bat but do no damage.
Your tail-slap misses the bat.
The bat is severely wounded.
The bat hits you but does no damage. The bat barely misses you.
You start resting.
The bat barely misses you.
You hit the bat.
You kill the bat!
You have reached level 2!
g - a scroll labelled HOOZUE YFUFUAKOGO Unknown command.
Are you sure you want to abandon this character and quit the game? (Confirm with "yes".)

#..## .# .... .# ##### #
..# .# #...# ..######.##.#
#...## ..).......#.#
#..... ..........#.# #
#...#. ............###..#
#...#.
#....@.......#.##...#.
..###.#.##..####.#.##...#.
......#..........#.##...#.
#...†.......######.####.#.
+...........#....#.# #.#.
#............†##.#.# #.#.
#........).......#.# #.#.
#..........#..####.####.#.
###.....................


There were no monsters in sight!

Vanquished Creatures
  A dart slug (D:1)
  A bat (D:1)
  2 endoplasms (D:1)
  2 rats (D:1)
6 creatures vanquished.

Notes
Turn   | Place    | Note
-------+----------+-------------------------------------------
     0 | D:1      | lesbiats the Draconian Artificer began the quest for the
                  | Orb.
     0 | D:1      | Reached XP level 1. HP: 16/16 MP: 1/1
   177 | D:1      | Reached skill level 1 in Stealth
   317 | D:1      | Reached XP level 2. HP: 9/23 MP: 2/2
   320 | D:1      | Quit the game

Illustrated notes

Levels and vault maps discovered:
D:1:      nzn_arrival_settlement, layout_basic, serial_shops,
          nicolae_shop_hallway_stairs, ebering_ecumenical_altar_abandoned

Skill      XL: |  1 |
---------------+----+-----
Stealth        | 1 |  1.2
Fighting       | |  1.4
Dodging        | |  2.3
Evocations     | |  3.1

Action                   || total
-------------------------++-------
Melee: Club              ||     6
Evoke: Wand              ||     7
Armor: Skin              ||     3
Dodge: Dodged            ||     5

Table legend: (Time is in decaauts)
 A = Elapsed time spent in this place.
 B = Non-inter-level travel time spent in this place.
 C = Inter-level travel time spent in this place.
 D = Time resting spent in this place.
 E = Time spent auto-exploring this place.
 F = Levels seen in this place.
 G = Mean time per level.
                   A        B        C        D        E       F      G
               +--------+--------+--------+--------+--------+-----+--------+
         Total |    321 |    321 |      0 |    200 |     68 |   1 |  321.0 |
       Dungeon |    321 |    321 |      0 |    200 |     68 |   1 |  321.0 |
               +--------+--------+--------+--------+--------+-----+--------+

Top non-repeatable levels by time:
     D:1: 321 daAuts
